 Dungeon Crawl Stone Soup version 0.21-a0-401-g0b6bec4 (webtiles) character file.

242 Klosterheim the Magician (level 5, -2/28 HPs)
             Began as a Deep Elf Wizard on Oct 22, 2017.
             Slain by a gnoll
             ... wielding a +0 spear
              (8 damage)
             ... on level 2 of the Dungeon.
             The game lasted 00:08:11 (3705 turns).

Klosterheim the Magician (Deep Elf Wizard)          Turns: 3705, Time: 00:08:12

Health: -2/28      AC:  3    Str:  4    XL:     5   Next: 82%
Magic:  14/15      EV: 13    Int: 24    God:
Gold:   73         SH:  0    Dex: 13    Spells: 10/16 levels left

rFire    . . .     SeeInvis .   h - +1 dagger (elec)
rCold    . . .     Gourm    .   (no shield)
rNeg     . . .     Faith    .   a - +0 robe
rPois    .         Spirit   .   b - +0 hat
rElec    .         Reflect  .   (no cloak)
rCorr    +         Harm     .   (no gloves)
MR       .....                  g - +0 pair of boots
Stlth    ++........             (no amulet)
HPRegen  0.09/turn              q - ring of resist corrosion
MPRegen  0.14/turn              (no ring)

@: no status effects
A: no striking features
a: no special abilities


You were on level 2 of the Dungeon.
You were hungry.

You visited 1 branch of the dungeon, and saw 3 of its levels.

You collected 73 gold pieces.

Inventory:

Hand Weapons
 h - a +1 dagger of electrocution (weapon)
Armour
 a - a +0 robe (worn)
 b - a +0 hat (worn)
 g - a +0 pair of boots (worn)
Jewellery
 q - a ring of resist corrosion (left hand)
Wands
 s - a wand of confusion (28/48)
 v - a wand of flame (29/48)
Scrolls
 i - 2 scrolls of remove curse
Potions
 e - a potion of mutation
 j - a potion of berserk rage {unknown}
 m - 2 potions of flight
 n - a potion of might {unknown}
 u - a potion of magic {unknown}
Books
 c - a book of Minor Magic

   Spells                             Type                      Level
   a - Magic Dart                     Conjuration                  1
   b - Blink                          Translocation                2
   c - Call Imp                       Summoning                    2
   d - Slow                           Hexes                        2
   e - Conjure Flame                  Conjuration/Fire             3
   f - Mephitic Cloud                 Conjuration/Poison/Air       3
Comestibles
 d - 3 bread rations
 f - 8 fruits
 t - a meat ration


   Skills:
 - Level 2.4 Dodging
 - Level 2.4 Stealth
 + Level 6.2 Spellcasting
 * Level 5.3 Conjurations
   Level 1.1 Summonings
 - Level 1.1 Translocations


You had 10 spell levels left.
You knew the following spells:

 Your Spells              Type           Power        Failure   Level  Hunger
a - Magic Dart            Conj           ####         1%          1    None
b - Blink                 Tloc           N/A          8%          2    None
c - Mephitic Cloud        Conj/Pois/Air  ###.....     11%         3    #......


Dungeon Overview and Level Annotations

Branches:
Dungeon (3/15)

Altars:
Trog

Annotations:
D:3 1 transporter


Message History

The orc barely misses you. The gnoll barely misses you. The orc misses you.
There is an open door here.
Casting: Blink
Confirm with . or Enter, or press ? or * to list all spells.
Aiming: Magic Dart
Press: ? - help, Shift-Dir - straight line, f - gnoll
Aim: a gnoll, wielding a spear The magic dart hits the gnoll.
The gnoll is heavily wounded.
The gnoll hits you with a spear.
You barely miss the gnoll.
The gnoll is heavily wounded.
The gnoll hits you with a spear.
You closely miss the gnoll.
The gnoll is heavily wounded.
The gnoll hits you with a spear.
* * * LOW HITPOINT WARNING * * *
The gnoll hits you from afar with a spear!
You die...

.......###'#####.#######.#.#.####
..............##.........#.#.....
..............##..########.######
..............#......# #.#
..............#......#####.#
...........)..#......'.....#
..............#......#######
#######.......##'##### #
#.......##@# #######.......##.#
.....##........#g#
.....##........#o#######
....)..#######..o......# ...)...#
#.>.......# #......# #.........#
#......# #.........# #......#
#.........#


You could see a gnoll and 2 orcs.

Vanquished Creatures
  An orc priest (D:3)
  Natasha (thrice) (D:2)
  A gnoll (D:3)
  3 adders
  3 worms
  6 dart slugs
  6 leopard geckos
  4 orcs (D:3)
  2 giant cockroaches (D:2)
  12 hobgoblins
  2 jackals (D:1)
  5 kobolds
  A quokka (D:2)
  A ball python (D:3)
  5 bats
  4 frilled lizards
  7 goblins
  9 rats
75 creatures vanquished.

Notes
Turn   | Place    | Note
-------+----------+-------------------------------------------
     0 | D:1      | Klosterheim the Deep Elf Wizard began the quest for the Orb.
     0 | D:1      | Reached XP level 1. HP: 10/10 MP: 7/7
     0 | D:1      | Noticed a vampire
     0 | D:1      | Noticed a troll
     1 | D:1      | Noticed a troll
     3 | D:1      | Noticed a human
     5 | D:1      | Noticed a troll
     6 | D:1      | Noticed a human
     8 | D:1      | Noticed a spriggan
    10 | D:1      | Noticed a vampire
    14 | D:1      | Noticed a vampire
    16 | D:1      | Noticed a naga
    16 | D:1      | Noticed a spriggan
    18 | D:1      | Noticed a human
    20 | D:1      | Noticed a naga
   233 | D:1      | Reached XP level 2. HP: 11/15 MP: 2/9
   744 | D:1      | Reached XP level 3. HP: 19/19 MP: 8/11
   976 | D:1      | Reached skill level 5 in Spellcasting
  1858 | D:2      | Reached XP level 4. HP: 24/24 MP: 9/13
  1929 | D:2      | Learned a level 2 spell: Blink
  1973 | D:2      | Found a bloodstained altar of Trog.
  2050 | D:2      | Noticed Natasha
  2057 | D:2      | Killed Natasha
  2073 | D:2      | Noticed Natasha
  2075 | D:2      | Killed Natasha
  2075 | D:2      | Reached XP level 5. HP: 21/28 MP: 4/15
  2685 | D:2      | Noticed Natasha
  2691 | D:2      | Killed Natasha
  2862 | D:3      | Learned a level 3 spell: Mephitic Cloud
  2936 | D:3      | Reached skill level 6 in Spellcasting
  2936 | D:3      | Reached skill level 5 in Conjurations
  2945 | D:3      | Found a transporter.
  2961 | D:3      | Found a transporter.
  3612 | D:2      | Found a bloodstained altar of Trog.
  3705 | D:2      | Slain by a gnoll

Vault maps used:
D:1:      shiori_arrival_whats_in_store_for_you
D:2:      trog_three_pillars_becter, uniq_natasha
D:3:      gammafunk_steamed_eel, nicolae_overflow_hidden_temple, first_bread,
          nrook_mini_vaults, uniq_robin

Skill      XL: |  1  2  3  4  5 |
---------------+----------------+-----
Conjurations   | 2 3 4 5 |  5.3
Spellcasting   | 5 6 |  6.2
Dodging        | |  2.4
Stealth        | |  2.4
Summonings     | |  1.1
Translocations | |  1.1

Action                   |  1- 3 |  4- 6 || total
-------------------------+-------+-------++-------
Melee: Unarmed           |     3 |     1 ||     4
       Dagger            |       |     2 ||     2
 Cast: Magic Dart        |   115 |    92 ||   207
       Blink             |       |     4 ||     4
  Use: Scroll            |       |     8 ||     8
  Eat: Chunk             |     3 |     3 ||     6
       Fruit             |       |     2 ||     2
Armor: Robe              |       |     4 ||     4
Dodge: Dodged            |    13 |    16 ||    29

Table legend:
 A = Spawn XP
 B = Non-spawn XP
 C = Spawn XP percentage of total XP
 D = Spawn monster count
 E = Non-spawn monster count
 F = Spawn count percentage of total count
 G = Total turns spent on level
                    A         B        C        D         E        F      G
               +---------+---------+-------+---------+---------+-------+---------
         Total |       0 |     347 |   0.0 |       0 |      75 |   0.0 |  3705
               +---------+---------+-------+---------+---------+-------+---------
           D:1 |       0 |      58 |   0.0 |       0 |      29 |   0.0 |  1169
           D:2 |       0 |     184 |   0.0 |       0 |      28 |   0.0 |  2118
           D:3 |       0 |     105 |   0.0 |       0 |      18 |   0.0 |   418
               +---------+---------+-------+---------+---------+-------+---------
